 Dungeon Crawl Stone Soup version 0.29-a0-330-g52719c12eb (webtiles) character file.

Game seed: 1997003478158742817

1365559 Aelig the Slayer (level 27, 262/262 HPs)
             Began as a Barachi Ice Elementalist on Apr 30, 2022.
             Was the Champion of Dithmenos.
             Escaped with the Orb
             ... and 3 runes on May 1, 2022!
             The game lasted 10:08:06 (111920 turns).

Aelig the Slayer (Barachi Ice Elementalist)       Turns: 111920, Time: 10:08:06

Health: 262/262    AC: 22    Str: 16      XL:     27
Magic:  41/41      EV: 24    Int: 35 (36) God:    Dithmenos [******]
Gold:   6838       SH: 25    Dex: 23      Spells: 3/54 levels left

rFire   + + .      SeeInvis +   a - +10 fustibalus of Vanity {vorpal, rPois rC- Int+7 SInv}
rCold   + . .      Faith    .   l - +5 kite shield of the Shining Light {Dex+8}
rNeg    + . .      Spirit   .   Y - +4 ring mail of the Swamp {rC+ Int+4}
rPois   +          Reflect  +   e - +2 hat
rElec   +          Harm     .   C - +2 cloak
rCorr   .          Rampage  .   H - +2 pair of gloves
Will    ++...                   X - +2 pair of boots {Stlth+}
Stlth   ++........              S - amulet of Uthaoc {Reflect rF+ rN+ Int-2 SH+5}
HPRegen 0.53/turn               j - ring of Wimyedgh {Drain rElec rC+ Str+4 Int+4 Slay+4}
MPRegen 0.27/turn               F - ring of protection from fire

@: wreathed by umbra, studying 3 skills, slow
A: amphibious, slowness 1, strong legs 2, +LOS, deformed body, dopey 1, robust 1
0: Orb of Zot
}: 3/15 runes: decaying, silver, gossamer
a: Hop, Renounce Religion, Shadow Step, Shadow Form


You escaped.
You worshipped Dithmenos.
Dithmenos was exalted by your worship.
You visited 13 branches of the dungeon, and saw 54 of its levels.
You also visited: Trove, Bailey and Ice Cave.

You collected 11129 gold pieces.
You spent 4291 gold pieces at shops.

Inventory:

Hand Weapons
 a - the +10 fustibalus of Vanity (weapon) {vorpal, rPois rC- Int+7 SInv}
   (You found it on level 3 of the Elven Halls)

   Any ammunition fired from it inflicts extra damage upon your enemies.
   Int:       It affects your intelligence (+7).
   rC:        It makes you vulnerable to cold.
   rPois:     It protects you from poison.
   SInv:      It lets you see invisible.
 c - a +5 scimitar of holy wrath
 f - a +4 vorpal scimitar
Armour
 e - a +2 hat (worn)
 l - the +5 kite shield of the Shining Light (worn) {Dex+8}
   (You found it on level 1 of the Depths)

   Dex:       It affects your dexterity (+8).
 C - a +2 cloak (worn)
 H - a +2 pair of gloves (worn)
 X - a +2 pair of boots of stealth (worn)
 Y - the +4 ring mail of the Swamp (worn) {rC+ Int+4}
   (You found it on level 3 of the Lair of Beasts)

   Int:       It affects your intelligence (+4).
   rC:        It protects you from cold.
Magical Staves
 b - a staff of conjuration
Jewellery
 j - the ring of Wimyedgh (left hand) {Drain rElec rC+ Str+4 Int+4 Slay+4}
   (You found it on level 1 of the Realm of Zot)

   [ring of slaying]

   Str:       It affects your strength (+4).
   Int:       It affects your intelligence (+4).
   Slay:      It affects your accuracy & damage with ranged weapons and melee
   (+4).
   rC:        It protects you from cold.
   rElec:     It insulates you from electricity.
   Drain:     It drains your maximum health when unequipped.
 s - a ring of resist corrosion
 F - a ring of protection from fire (right hand)
 I - a ring of see invisible
 L - a ring of willpower
 S - the amulet of Uthaoc (around neck) {Reflect rF+ rN+ Int-2 SH+5}
   (You found it in a treasure trove)

   [amulet of reflection]

   It reflects blocked missile attacks.
   Int:       It affects your intelligence (-2).
   rF:        It protects you from fire.
   rN:        It protects you from negative energy.
   SH:        It affects your SH (+5).
Wands
 m - a wand of flame (203)
 y - a wand of paralysis (2)
 V - a wand of digging (18)
Scrolls
 k - 6 scrolls of blinking
 o - 3 scrolls of amnesia
 u - 4 scrolls of brand weapon
 v - 3 scrolls of enchant weapon
 w - 3 scrolls of holy word
 x - 5 scrolls of silence
 z - 9 scrolls of vulnerability
 B - 14 scrolls of summoning
 E - 12 scrolls of teleportation
 G - 6 scrolls of magic mapping
 J - 5 scrolls of fog
 K - 5 scrolls of enchant armour
 W - 4 scrolls of fear
Potions
 g - 2 potions of heal wounds
 h - 4 potions of magic
 i - 12 potions of brilliance
 n - 6 potions of ambrosia
 p - 17 potions of flight
 q - 3 potions of haste
 r - 12 potions of mutation
 t - 8 potions of might
 A - 5 potions of resistance
 M - 7 potions of cancellation
 N - a potion of invisibility
 O - 7 potions of lignification
 P - 8 potions of berserk rage
 Q - 26 potions of curing


   Skills:
 + Level 24.3 Fighting
 - Level 0.1(8.2) Short Blades
 - Level 13.9(14.0) Long Blades
 - Level 18.0 Slings
 - Level 14.0 Armour
 - Level 18.0 Dodging
 - Level 4.0 Stealth
 - Level 15.0 Shields
 - Level 14.0 Spellcasting
 - Level 21.0 Conjurations
 - Level 8.0 Hexes
 - Level 24.0 Summonings
 - Level 4.0 Translocations
 - Level 13.0 Ice Magic
 - Level 11.2 Air Magic
 - Level 4.0 Poison Magic


You had 3 spell levels left.
You knew the following spells:

 Your Spells              Type           Power      Damage    Failure   Level
a - Metabolic Englaciati  Hex/Ice        39%        N/A       1%          5
b - Frozen Ramparts       Ice            100%       1d12      1%          3
c - Ozocubu's Armour      Ice            86%        N/A       1%          3
d - Summon Lightning Spi  Summ/Air       99%        N/A       1%          4
e - Blink                 Tloc           100%       N/A       1%          2
f - Summon Cactus Giant   Summ           56%        N/A       1%          6
g - Spellforged Servitor  Conj/Summ      55%        N/A       1%          7
h - Orb of Destruction    Conj           53%        9d13      1%          7
i - Summon Mana Viper     Hex/Summ       94%        N/A       1%          5
j - Summon Horrible Thin  Summ           56%        N/A       1%          8
z - Apportation           Tloc           100%       N/A       1%          1

Your spell library contained the following spells:

 Spells                   Type           Power      Damage    Failure   Level
 Magic Dart               Conj           100%       1d8       0%          1
 Summon Small Mammal      Summ           100%       N/A       0%          1
 Call Imp                 Summ           100%       N/A       0%          2
 Searing Ray              Conj           100%       2d8       0%          2
 Call Canine Familiar     Summ           100%       N/A       0%          3
 Foxfire                  Conj/Fire      100%       2x1d9     1%          1
 Freeze                   Ice            100%       1d11      1%          1
 Sting                    Tmut/Pois      100%       1d8       1%          1
 Corpse Rot               Necr/Air       100%       N/A       1%          2
 Ensorcelled Hibernation  Hex/Ice        100%       N/A       1%          2
 Poisonous Vapours        Pois/Air       100%       N/A       1%          2
 Conjure Flame            Conj/Fire      78%        6-21      1%          3
 Dazzling Flash           Conj/Hex       100%       N/A       1%          3
 Stone Arrow              Conj/Erth      100%       3d13      1%          3
 Summon Guardian Golem    Hex/Summ       94%        N/A       1%          3
 Swiftness                Air            80%        N/A       1%          3
 Tukima's Dance           Hex            69%        N/A       1%          3
 Gell's Gravitas          Tloc           51%        N/A       2%          3
 Inner Flame              Hex/Fire       51%        N/A       2%          3
 Lesser Beckoning         Tloc           51%        N/A       2%          3
 Teleport Other           Tloc           51%        N/A       2%          3
 Animate Skeleton         Necr           48%        N/A       4%          1
 Spider Form              Tmut/Pois      38%        N/A       6%          3
 Passwall                 Tmut/Erth      20%        N/A       7%          2
 Scorch                   Fire           48%        2d7       7%          2
 Sublimation of Blood     Necr           24%        N/A       7%          2
 Airstrike                Air            40%        N/A       1%          4
 Animate Armour           Summ/Erth      100%       N/A       1%          4
 Cause Fear               Hex            34%        N/A       1%          4
 Flame Wave               Conj/Fire      78%        2d14      1%          4
 Fulminant Prism          Conj/Hex       45%        3d21      1%          4
 Hailstorm                Conj/Ice       97%        3d19      1%          4
 Iskenderun's Mystic Bla  Conj/Tloc      84%        2d17      1%          4
 Summon Ice Beast         Ice/Summ       100%       N/A       1%          4
 Fireball                 Conj/Fire      39%        3d16      1%          5
 Iskenderun's Battlesphe  Conj           100%       2d15      1%          5
 Lightning Bolt           Conj/Air       47%        1d68      1%          5
 Summon Forest            Summ/Tloc      44%        N/A       1%          5
 Conjure Ball Lightning   Conj/Air       47%        3x3d16    1%          6
 Summon Hydra             Summ           56%        N/A       1%          7
 Silence                  Hex/Air        37%        N/A       2%          5
 Anguish                  Hex/Necr       25%        N/A       9%          4
 Olgreb's Toxic Radiance  Pois           51%        N/A       9%          4
 Passage of Golubria      Tloc           51%        N/A       9%          4
 Iron Shot                Conj/Erth      39%        9d8       10%         6
 Starburst                Conj/Fire      39%        6d11      10%         6
 Malign Gateway           Summ/Tloc      44%        N/A       12%         7
 Ozocubu's Refrigeration  Ice            43%        4d13      19%         7
 Manifold Assault         Tloc           51%        N/A       24%         5
 Yara's Violent Unravell  Hex/Tmut       25%        3d11      24%         5
 Dragon's Call            Summ           56%        N/A       24%         9
 Haunt                    Necr/Summ      41%        N/A       28%         7
 Animate Dead             Necr           12%        N/A       41%         4
 Dispel Undead            Necr           24%        3d12      41%         4
 Petrify                  Tmut/Erth      24%        N/A       41%         4
 Simulacrum               Ice/Necr       31%        N/A       43%         6
 Alistair's Intoxication  Tmut/Pois      25%        N/A       50%         5
 Agony                    Necr           24%        N/A       77%         5
 Blade Hands              Tmut           12%        N/A       77%         5
 Borgnjor's Vile Clutch   Necr/Erth      12%        N/A       77%         5
 Excruciating Wounds      Necr           12%        N/A       77%         5
 Lee's Rapid Deconstruct  Erth           12%        3d9*      77%         5
 Dispersal                Tloc           25%        N/A       80%         6
 Enfeeble                 Hex            34%        N/A       82%         7
 Eringya's Noxious Bog    Tmut/Pois      19%        N/A       97%         6
 Maxwell's Capacitive Co  Air            40%        ∞         97%         8
 Storm Form               Tmut/Air       29%        N/A       98%         7
 Lehudib's Crystal Spear  Conj/Erth      39%        10d10     99%         8
 Chain Lightning          Conj/Air       47%        3d63      99%         9
 Death Channel            Necr           12%        N/A       100%        6
 Dragon Form              Tmut           12%        N/A       100%        7
 Borgnjor's Revivificati  Necr           12%        N/A       100%        8
 Disjunction              Tloc           25%        N/A       100%        8
 Ignition                 Fire           12%        3d6       100%        8
 Infestation              Necr           12%        N/A       100%        8
 Necromutation            Tmut/Necr      12%        N/A       100%        8
 Death's Door             Necr           12%        N/A       100%        9
 Fire Storm               Conj/Fire      39%        8d10      100%        9
 Shatter                  Erth           12%        3d13*     100%        9


Dungeon Overview and Level Annotations

Branches:
Dungeon (15/15)            Temple (1/1) D:5            Lair (6/6) D:10
  Swamp (4/4) Lair:2       Spider (4/4) Lair:4        Slime (1/5) Lair:6
    Orc (2/2) D:11            Elf (3/3) Orc:2        Vaults (5/5) D:14
  Crypt (3/3) Vaults:3       Tomb (0/3) Crypt:3      Depths (4/4) D:15
   Hell (visited)             Zot (5/5) Depths:4     Bailey (visited)
  IceCv (visited)
    Dis: Hell:1         Geh: Hell:1         Coc: Hell:1         Tar: Hell:1

Altars:
Ashenzari
Cheibriados
Dithmenos
Elyvilon
Fedhas
Gozag
Hepliaklqana
Kikubaaqudgha
Makhleb
Nemelex Xobeh
Okawaru
Qazlal
Ru
Sif Muna
Trog
Uskayaw
Vehumet
Wu Jian
Xom
Yredelemnul
Zin
The Shining One
Beogh
Jiyva

Shops:
D:6 *   D:11 *   Orc:2 ![::   Elf:2 *   Depths:1 *   Depths:2 *(   Depths:3 !

Portals:
Hell: Depths:1 Depths:2 Depths:3 Depths:4
Abyss: Depths:2 Depths:3 Depths:4
Pandemonium: Depths:2 Depths:4
Ziggurat: Depths:1

Annotations:
D:5 exclusion: downstairs
D:14 exclusion: downstairs
D:15 Josephine
Lair:4 exclusion: downstairs
Swamp:2 exclusion: downstairs
Swamp:3 2 transporters, Alokieb's ghost, adept MiFi
Spider:1 exclusion: downstairs
Elf:1 11 runed translucent doors, exclusion: 4 doors
Vaults:4 exclusions: obsidian statue and upstairs
Crypt:3 exclusion: door
Depths:1 exclusion: downstairs
Depths:3 2 runed translucent doors, exclusion: door
Depths:4 exclusion: 2 doors
Hell Geryon
Zot:5 1 runed translucent door, exclusion: obsidian statue, Iruirgha's ghost, veteran OpFi


Innate Abilities, Weirdness & Mutations

You are amphibious.
You cover ground slowly.
You can hop long distances.
You have an extended range of vision and can be seen from far away.
Armour fits poorly on your strangely shaped body.
You are dopey. (Int -2)
You are robust. (+10% HP)


Message History

You resist with almost no effort. The golden eye blinks at you.
You easily resist.
You feel yourself speed up. The golden eye blinks at you.
You resist with almost no effort.
The golden eye blinks!
The golden eye blinks at you. You resist with some effort.
Casting: Summon Horrible Things (mildly dangerous; 1% risk of failure)
Confirm with . or Enter, or press ? or * to list all spells.
The golden eye blinks at you. You resist with almost no effort.
You swap places.
Your large abomination hits the golden eye.
The golden eye blinks at you.
You are confused.
Are you sure you want to stumble around while confused and next to your large abomination? [Y]es or [N]o only, please.
Are you sure you want to stumble around while confused and next to your large abomination?
Okay, then.
You feel better.
Your large abomination hits the golden eye!!
The golden eye dies!
Dithmenos accepts your kill.
A smoke demon comes into view.
The smoke demon gestures at you. Something smites you!
Something hits your large abomination!
Something barely misses your large abomination. x2
There is a stone staircase leading up here.
Something closely misses your large abomination.
Something hits your large abomination. x2
You climb upwards.
There is a stone staircase leading down here.
HP restored.
Your extra speed is starting to run out.
Magic restored.
You feel yourself slow down.
There is a staircase leading out of the dungeon here.
You have escaped!

♣♣♣♣♣♣ ♣♣♣♣
♣♣♣♣♣♣P.♣P♣♣♣ ♣♣≈≈♣
♣♣...P..♣....♣♣♣≈≈≈♣
♣♣..@..♣♣♣♣♣.♣.♣♣♣≈≈≈
♣......♣ ♣♣.♣♣ ♣♣♣≈
♣♣♣..♣.♣ ♣♣.♣ ♣♣
♣♣..♣♣ ♣♣.♣♣ ♣♣.♣♣
♣.♣♣ ♣..♣ ♣..♣♣♣ ♣.♣♣
♣♣♣..♣♣ ♣ ♣.♣ ♣♣♣.♣♣
♣♣ ♣.♣♣♣ ♣♣.♣♣♣.


There were no monsters in sight!

Vanquished Creatures
  2 ancient liches (Zot:5)
  A dread lich (Zot:1)
  2 orbs of fire (Zot:5)
  3 Killer Klowns (Zot:5)
  3 curse toes
  Nikola (Spider:3)
  7 golden dragons
  12 tentacled monstrosities
  10 Orb Guardians (Zot:5)
  A shard shrike skeleton (Crypt:3)
  2 electric golems
  Mlioglotl (Swamp:3)
  A titan (Vaults:5)
  A deep elf master archer (Elf:3)
  4 liches
  7 quicksilver dragons
  7 sphinxes
  10 death cobs
  2 ancient champions
  6 shadow dragons
  2 tengu reavers (Vaults:5)
  A revenant (Crypt:2)
  Donald (Crypt:1)
  8 storm dragons
  2 fenstrider witches (Swamp:3)
  3 draconian knights
  8 fire giants
  6 deep elf sorcerers
  7 frost giants
  An orc warlord (Depths:3)
  Louise (Spider:4)
  12 ghost moths
  10 vault wardens
  Aizul (Depths:1)
  2 draconian shifters
  3 ghouls
  4 deep elf elementalists (Elf:3)
  9 ironbound preservers
  A curse skull (Crypt:2)
  A draconian stormcaller (Zot:2)
  3 draconian annihilators
  16 very ugly things
  A broodmother (Spider:1)
  2 war gargoyles
  3 spriggan defenders
  A reaper (Crypt:2)
  12 stone giants
  3 deep elf demonologists
  4 green draconians
  4 ironbound thunderhulks
  3 vampire knights
  A demonspawn black sun (D:14)
  3 red draconians
  10 spark wasps
  A caustic shrike skeleton (Crypt:3)
  5 deep elf annihilators
  5 black draconians
  A bunyip (Lair:2)
  7 yellow draconians
  6 entropy weavers
  3 eidola
  4 eleionomae
  Nessos (Lair:6)
  A dire elephant (Lair:6)
  A white draconian (Zot:4)
  8 purple draconians
  2 green deaths (Swamp:4)
  7 deep elf death magi
  3 jiangshi (Crypt:2)
  8 ettins
  13 fire dragons
  13 yaktaur captains
  A shambling mangrove (Lair:2)
  A peacekeeper (Vaults:3)
  4 deep elf high priests
  6 ice dragons
  4 great orbs of eyes
  A hell beast (Swamp:4)
  8 boulder beetles
  20 hydras
  A spriggan air mage (Swamp:1)
  3 rakshasas
  7 radroaches
  25 vault guards
  6 two-headed ogres
  A catoblepas (Lair:6)
  A jorogumo (Spider:3)
  A spriggan skeleton (Crypt:3)
  An ironbound frostheart (Vaults:2)
  An anaconda (shapeshifter) (Vaults:2)
  An ogre mage (Vaults:5)
  16 dancing weapons
  7 alligators
  10 centaur warriors
  An anaconda (Swamp:1)
  A death scarab (Spider:3)
  5 deep troll shamans
  5 deep troll earth magi
  A hell hog (Depths:1)
  6 orc high priests
  7 vampire magi
  2 death yaks (Lair:6)
  7 tengu warriors
  4 spriggan berserkers (Depths:3)
  6 hell knights
  3 sun demons (D:14)
  10 deep elf knights
  A titan skeleton (Crypt:3)
  Nergalle (D:12)
  A sun moth (Spider:3)
  16 skeletal warriors
  8 pharaoh ants
  A ghost moth zombie (Crypt:1)
  2 shadow wraiths
  A sea snake (shapeshifter) (D:15)
  10 steelbarb worms
  2 iron trolls
  7 spriggan druids
  3 swamp dragons
  A quicksilver dragon simulacrum (Depths:1)
  30 deep trolls
  3 goliath frogs
  2 glowing orange brains
  9 bog bodies
  8 flayed ghosts
  3 deep elf archers
  An orb spider (shapeshifter) (Vaults:4)
  3 wizards
  10 lindwurms
  20 orc knights
  9 orb spiders
  21 deep elf pyromancers
  2 mana vipers (Depths:3)
  8 ironbound convokers
  An anaconda skeleton (Crypt:3)
  5 necromancers
  3 orc sorcerers
  10 phantasmal warriors
  15 deep elf zephyrmancers
  15 wolf spiders
  37 ugly things
  2 cyclopes
  7 manticores
  5 will-o-the-wisps
  4 fire giant skeletons (Crypt:3)
  A human skeleton (Vaults:3)
  14 elephants
  2 ice statues (IceCv)
  30 moths of wrath
  11 black mambas
  2 rust devils (Depths:4)
  8 torpor snails
  15 cane toads
  An eye of devastation (shapeshifter) (Vaults:5)
  9 vault sentinels
  6 gargoyles
  2 orange demons (Elf:3)
  5 rime drakes
  An orb spider zombie (Crypt:1)
  A naga skeleton (Crypt:3)
  9 komodo dragons
  An unseen horror (D:10)
  16 yaktaurs
  9 demonic crawlers
  2 freezing wraiths
  A bunyip simulacrum (Crypt:1)
  5 tengu conjurers
  A queen bee (D:14)
  12 meliai
  A red draconian skeleton (Crypt:1)
  A yaktaur skeleton (Vaults:3)
  9 tyrant leeches
  11 polar bears
  5 trolls
  Prince Ribbit (D:7)
  15 hornets
  46 slime creatures
  A harpy skeleton (Crypt:3)
  25 tarantellas
  5 dream sheep (Lair:6)
  4 raiju (Lair:6)
  12 blink frogs
  A raiju (shapeshifter) (Vaults:5)
  28 jumping spiders
  3 large abominations
  A spriggan (shapeshifter) (Vaults:1)
  A vampire (D:14)
  A yak (shapeshifter) (D:14)
  8 shadows
  15 culicivoras
  A centaur simulacrum (D:14)
  5 fire dragon skeletons (Crypt:3)
  5 air elementals
  15 wraiths
  A human (D:14)
  6 wyverns
  2 fire elementals
  16 spriggans
  A black mamba skeleton (Crypt:3)
  A golden eye (shapeshifter) (D:14)
  53 yaks
  An ushabti (Crypt:3)
  7 water elementals
  6 basilisks
  62 redbacks
  A redback (shapeshifter) (Depths:2)
  2 steam dragons
  17 vampire mosquitoes
  Menkaure (D:7)
  6 wargs
  18 swamp worms
  2 acid dragons
  21 water moccasins
  13 hell hounds (Lair:6)
  39 orc warriors
  12 black bears
  An ice beast (D:6)
  An ogre (shapeshifter) (Vaults:4)
  2 sky beasts (D:7)
  3 swamp drakes
  6 ogres
  33 wolves
  10 centaurs
  4 phantoms
  A kobold brigand (D:7)
  17 bullfrogs
  7 necrophages
  A glowing shapeshifter simulacrum (Vaults:3)
  5 scorpions
  2 earth elementals
  A small abomination (D:14)
  A komodo dragon skeleton (Crypt:1)
  12 wights
  A water moccasin skeleton (Crypt:1)
  4 jellies
  20 killer bees
  A howler monkey (D:6)
  5 electric eels
  A centaur zombie (Crypt:2)
  4 hounds
  7 komodo dragon simulacra (IceCv)
  A gnoll shaman (D:9)
  32 orc priests
  16 orc wizards
  9 hell rats
  2 hound zombies (D:4)
  7 mummies (Crypt:3)
  12 gnolls
  6 adders
  3 river rats (Lair:3)
  A river rat (shapeshifter) (Zot:2)
  9 acid dragon simulacra (IceCv)
  A shadow imp (D:8)
  12 white imps (Lair:4)
  2 steam dragon simulacra (IceCv)
  An iguana zombie (Crypt:2)
  A worm (D:2)
  A dart slug (shapeshifter) (Vaults:5)
  8 dart slugs
  105 orcs
  4 ball pythons
  4 bats
  A bat skeleton (Crypt:2)
  A bat zombie (Crypt:1)
  13 endoplasms
  3 giant cockroaches
  8 goblins
  12 hobgoblins
  17 kobolds
  6 quokkas
  5 frilled lizards
  A giant cockroach zombie (Crypt:2)
  A hobgoblin zombie (Crypt:1)
  15 rats
  A rat skeleton (Crypt:1)
  A river rat skeleton (Crypt:1)
1936 creatures vanquished.

Vanquished Creatures (collateral kills)
  2 orbs of fire (Zot:5)
  6 Killer Klowns
  Margery (Crypt:2)
  2 curse toes
  4 golden dragons
  A bone dragon (Zot:2)
  2 electric golems
  A lich (Zot:2)
  6 tentacled monstrosities
  2 deep elf blademasters (Elf:3)
  7 titans (Vaults:5)
  An Ice Fiend (D:14)
  15 Orb Guardians
  6 quicksilver dragons
  4 death cobs
  2 sphinxes
  3 storm dragons
  2 tengu reavers (Vaults:5)
  5 shadow dragons
  6 fire giants
  3 revenants
  2 draconian monks
  2 balrugs (Zot:4)
  3 frost giants
  3 draconian knights
  A deep elf sorcerer (Elf:3)
  5 draconian scorchers
  11 vault wardens
  4 iron dragons
  2 orc warlords (Depths:3)
  2 deep elf elementalists
  A spriggan defender (Depths:3)
  4 draconian stormcallers
  A ghost moth (Spider:3)
  4 draconian shifters
  A ghoul (Swamp:1)
  A draconian annihilator (Zot:1)
  3 war gargoyles
  A curse skull (Crypt:3)
  8 ironbound preservers
  A reaper (Crypt:2)
  5 very ugly things
  3 ironbound thunderhulks
  4 green draconians
  3 stone giants
  6 black draconians
  7 purple draconians
  8 vampire knights
  5 deep elf demonologists
  An entropy weaver (Vaults:4)
  6 white draconians
  An eleionoma (Swamp:4)
  A bunyip (Swamp:3)
  A deep elf annihilator (Elf:3)
  7 yellow draconians
  3 red draconians
  An eidolon (Crypt:1)
  A crystal guardian (Vaults:3)
  4 deep elf death magi (Elf:3)
  7 ettins
  A yaktaur captain (Vaults:4)
  10 fire dragons
  5 great orbs of eyes
  4 deep elf high priests
  3 jiangshi
  3 hydras
  2 shambling mangroves (Swamp:3)
  2 ice dragons (Depths:2)
  3 ironbound frosthearts
  2 rakshasas
  9 vault guards
  3 hell beasts
  A spriggan air mage (Depths:3)
  The ghost of Izit the Thaumaturge, a journeyman DECj of Kikubaaqudgha (Lair:3)
  2 peacekeepers
  A spriggan skeleton (Crypt:1)
  A ghost crab (Swamp:4)
  10 dancing weapons
  A death yak (Lair:6)
  A jorogumo (Spider:3)
  2 deep troll shamans
  2 alligators
  3 deep troll earth magi
  2 tengu warriors (Depths:3)
  An orc high priest (Elf:1)
  A vampire mage (Crypt:1)
  A spriggan berserker (Depths:3)
  A titan zombie (Crypt:1)
  A thrashing horror (Swamp:3)
  2 hell knights
  6 deep elf knights
  8 iron trolls
  A soul eater (Depths:4)
  5 skeletal warriors (Crypt:2)
  A steelbarb worm (Spider:3)
  5 flayed ghosts (Crypt:3)
  A pharaoh ant (Spider:3)
  A goliath frog (Swamp:3)
  21 deep trolls
  2 wizards
  A spriggan druid (Swamp:2)
  A sun moth (Spider:3)
  3 lindwurms
  3 deep elf zephyrmancers
  A bog body (Swamp:4)
  2 deep elf archers (Elf:1)
  2 swamp dragons
  6 deep elf pyromancers
  7 phantasmal warriors
  7 ironbound convokers
  An orc knight (Depths:3)
  2 necromancers
  A wolf spider (Spider:2)
  An ugly thing (Depths:4)
  2 tengu skeletons (Vaults:3)
  4 moths of wrath
  2 mana vipers (Depths:3)
  9 vault sentinels
  2 elephants (Lair:6)
  A black mamba (Swamp:1)
  2 fire giant skeletons (Crypt:3)
  A rust devil (Depths:4)
  A torpor snail (Spider:3)
  2 cane toads (Lair:6)
  2 gargoyles (Crypt:3)
  3 orange demons (Swamp:4)
  A white draconian zombie (Crypt:2)
  8 yaktaurs
  An efreet (D:15)
  2 hellwings
  2 red devils
  A polar bear (Lair:6)
  4 hornets
  A culicivora zombie (Crypt:1)
  A large abomination (Swamp:4)
  A tarantella (Spider:3)
  A blink frog (Lair:6)
  A harpy skeleton (Crypt:3)
  4 slime creatures
  A dream sheep (Lair:6)
  A jumping spider (Spider:4)
  7 spriggans
  A jumping spider (shapeshifter) (Vaults:5)
  A shadow (Crypt:3)
  2 wraiths
  2 culicivoras (Spider:3)
  5 fire dragon skeletons (Crypt:3)
  An ushabti (Crypt:3)
  4 redbacks
  2 yaks (Lair:6)
  A golden eye (D:2)
  A vampire mosquito (Swamp:4)
  A warg (Elf:1)
  A swamp worm (Swamp:2)
  A water moccasin (Lair:6)
  A hornet zombie (Crypt:1)
  2 orc warriors (Elf:1)
  A black bear (Lair:6)
  2 wolves (Lair:6)
  An elf zombie (Crypt:2)
  A cyclops zombie (Crypt:1)
  A scorpion (Elf:3)
  2 jellies (Lair:3)
  An orc priest (Elf:1)
  6 orcs (Elf:1)
494 creatures vanquished.

Vanquished Creatures (others)
  A curse toe (Zot:5)
  Bai Suzhen (Swamp:3)
  A deep elf master archer (Elf:3)
  An eldritch tentacle (Zot:5)
  A draconian annihilator (Zot:2)
  A yellow draconian (Zot:3)
  A vault guard (Vaults:5)
  An unseen horror (shapeshifter) (Elf:1)
  A bloated husk (Swamp:4)
  A small abomination (D:14)
  A water elemental (Elf:2)
  A redback (Spider:3)
  A swamp drake (Lair:2)
  A wolf (shapeshifter) (Elf:1)
  4 bushes
  29 foxfires
  84 fungi
  120 plants
  3 withered plants (Crypt:3)
254 creatures vanquished.

Grand Total: 2684 creatures vanquished

Notes
Turn   | Place    | Note
-------+----------+-------------------------------------------
     0 | D:1      | Aelig the Barachi Ice Elementalist began the quest for the
                  | Orb.
     0 | D:1      | Reached XP level 1. HP: 13/13 MP: 3/3
   131 | D:1      | Reached skill level 5 in Ice Magic
   437 | D:1      | Reached XP level 2. HP: 11/19 MP: 1/5
   914 | D:1      | Reached XP level 3. HP: 21/24 MP: 4/6
   919 | D:1      | Learned a level 3 spell: Frozen Ramparts
  2047 | D:2      | Reached XP level 4. HP: 29/30 MP: 5/7
  2051 | D:2      | Learned a level 3 spell: Ozocubu's Armour
  2843 | D:2      | Reached XP level 5. HP: 33/35 MP: 1/8
  2959 | D:2      | Found a faded altar of an unknown god.
  3441 | D:3      | Found a bloodstained altar of Trog.
  3443 | D:3      | Found a bloodstained altar of Trog.
  3443 | D:3      | Found a hazy altar of Hepliaklqana.
  3444 | D:3      | Found a shimmering blue altar of Sif Muna.
  3444 | D:3      | Found a shimmering altar of Xom.
  3444 | D:3      | Found a glowing golden altar of the Shining One.
  4074 | D:4      | Found a glowing silver altar of Zin.
  4084 | D:4      | Found a glowing golden altar of the Shining One.
  4091 | D:4      | Noticed a phantom
  4244 | D:4      | Reached XP level 6. HP: 38/41 MP: 6/10
  4765 | D:4      | Found a basalt altar of Yredelemnul.
  4887 | D:4      | Found a radiant altar of Vehumet.
  5166 | D:5      | Entered Level 5 of the Dungeon
  5237 | D:5      | Reached XP level 7. HP: 37/46 MP: 6/13
  5314 | D:5      | Found a staircase to the Ecumenical Temple.
  5324 | Temple   | Entered the Ecumenical Temple
  5376 | Temple   | Became a worshipper of Dithmenos the Shadowed
  6088 | D:5      | Reached skill level 10 in Ice Magic
  6088 | D:5      | Reached skill level 1 in Fighting
  6407 | D:5      | Reached XP level 8. HP: 44/60 MP: 8/14
  7055 | D:5      | Reached skill level 5 in Fighting
  7234 | D:6      | Learned a level 1 spell: Apportation
  7273 | D:6      | Reached skill level 1 in Translocations
  7526 | D:6      | Found Zuerph's Overcharged Wands.
  7526 | D:6      | Found an iron altar of Okawaru.
  7725 | D:6      | Found a sparkling altar of Nemelex Xobeh.
  8635 | D:6      | Found a white marble altar of Elyvilon.
  8669 | D:6      | Reached XP level 9. HP: 31/64 MP: 11/15
  9568 | D:7      | Reached * piety under Dithmenos
  9736 | D:7      | Found an opulent altar of Gozag.
 10015 | D:7      | Reached skill level 1 in Long Blades
 10114 | D:7      | Noticed Prince Ribbit
 10220 | D:7      | Killed Prince Ribbit
 10220 | D:7      | Reached ** piety under Dithmenos
 10221 | D:7      | Reached skill level 10 in Fighting
 10450 | D:7      | Reached skill level 5 in Long Blades
 10454 | D:7      | Reached XP level 10. HP: 73/86 MP: 10/16
 10546 | D:7      | Noticed Menkaure
 10557 | D:7      | Killed Menkaure
 11500 | D:8      | Found an ornate altar of the Wu Jian Council.
 11535 | D:8      | Noticed a two-headed ogre
 11543 | D:8      | Killed a two-headed ogre
 12387 | D:9      | Noticed a two-headed ogre
 12387 | D:9      | Noticed a two-headed ogre
 12687 | D:9      | Found a shimmering blue altar of Sif Muna.
 12735 | D:9      | Killed a two-headed ogre
 12736 | D:9      | Reached XP level 11. HP: 77/95 MP: 11/17
 12795 | D:9      | Killed a two-headed ogre
 12836 | D:9      | Found a burning altar of Makhleb.
 12836 | D:9      | Noticed a balrug
 12914 | D:9      | Reached *** piety under Dithmenos
 13171 | D:10     | Entered Level 10 of the Dungeon
 13192 | D:10     | Found a flagged portal.
 13205 | Bailey   | Entered a bailey
 13308 | Bailey   | Reached skill level 10 in Long Blades
 14037 | D:10     | Found a staircase to the Lair.
 14171 | D:10     | Reached **** piety under Dithmenos
 14203 | D:10     | Identified the +6 hunting sling "Wuxzont" {vorpal, rPois
                  | rCorr Dex+2 Stlth+}
 14525 | D:10     | Found a snail-covered altar of Cheibriados.
 14561 | D:10     | Reached skill level 1 in Slings
 15054 | Lair:1   | Entered Level 1 of the Lair of Beasts
 15273 | Lair:1   | Reached skill level 5 in Slings
 15273 | Lair:1   | Reached XP level 12. HP: 102/102 MP: 15/18
 15280 | Lair:1   | Identified the +4 long sword of Brutal Revenge {freeze,
                  | Stlth+}
 16777 | Lair:2   | Reached ***** piety under Dithmenos
 16783 | Lair:2   | Found the +10 dark maul {vorpal}
 16823 | Lair:2   | Identified the +0 plate armour of Roniejyss {Str+4}
 17061 | Lair:2   | Reached skill level 10 in Slings
 17488 | Lair:3   | Found a runed translucent gate.
 17489 | Lair:3   | Found a runed translucent gate.
 17490 | Lair:3   | Found a runed translucent gate.
 17491 | Lair:3   | Found a viscous altar of Jiyva.
 17491 | Lair:3   | Noticed Izit's ghost (journeyman DECj)
 17491 | Lair:3   | Noticed a great orb of eyes
 17781 | Lair:3   | Noticed a five-headed hydra
 17798 | Lair:3   | Killed a five-headed hydra
 17799 | Lair:3   | Gained mutation: You can hop long distances. [Barachi
                  | growth]
 17799 | Lair:3   | Reached XP level 13. HP: 83/108 MP: 8/19
 18656 | Lair:4   | Found a frozen archway.
 18690 | IceCv    | Entered an ice cave
 18857 | IceCv    | Identified the amulet of Qirhuypru {Reflect Regen+ SH+5}
 19205 | IceCv    | Reached ****** piety under Dithmenos
 19239 | IceCv    | Noticed a white draconian
 20288 | Lair:4   | Found a hole to the Spider Nest.
 20795 | Lair:5   | Identified the +4 short sword of the Maze {freeze, rN+}
 22593 | D:11     | Reached XP level 14. HP: 115/115 MP: 10/20
 22618 | D:11     | Found a staircase to the Orcish Mines.
 22809 | D:11     | Found Suomneam's Serpentskin Sales.
 23013 | Orc:1    | Entered Level 1 of the Orcish Mines
 23114 | Orc:1    | Reached skill level 15 in Slings
 23365 | Orc:2    | Entered Level 2 of the Orcish Mines
 23941 | Orc:2    | Found a staircase to the Elven Halls.
 25320 | Orc:2    | Found Geshreonk's Armour Boutique.
 25320 | Orc:2    | Found Vahio's Distillery.
 25321 | Orc:2    | Found Cuacycan's Book Boutique.
 25321 | Orc:2    | Found Detuogox's Book Shop.
 25339 | Orc:2    | Bought the +3 robe of Tongajio {Will+ Int+4 Dex+4} for 676
                  | gold pieces
 26458 | D:12     | Noticed Nergalle
 26484 | D:12     | Reached skill level 5 in Dodging
 27332 | D:13     | Identified the +7 demon trident of Bosmeasa {pain, Contam
                  | Str+4 Dex+4}
 27891 | D:14     | Reached XP level 15. HP: 125/125 MP: 17/21
 28674 | D:14     | Got the Incunabulum of The Black Sun
 28755 | D:14     | Reached skill level 10 in Dodging
 29015 | D:14     | Reached skill level 1 in Shields
 29044 | D:14     | Found a gate to the Vaults.
 29573 | D:15     | Entered Level 15 of the Dungeon
 29857 | D:15     | Identified the +3 falchion of the Mind {speed, rElec rPois
                  | rCorr Str-2}
 30179 | D:15     | Reached skill level 5 in Shields
 30396 | Lair:1   | Learned a level 2 spell: Poisonous Vapours
 30465 | Spider:1 | Entered Level 1 of the Spider Nest
 30541 | Spider:1 | Reached skill level 1 in Air Magic
 30541 | Spider:1 | Reached skill level 1 in Poison Magic
 31119 | Spider:1 | Reached XP level 16. HP: 133/133 MP: 14/22
 32402 | Lair:2   | Reached skill level 5 in Air Magic
 32496 | Lair:2   | Found a staircase to the Swamp.
 32520 | Swamp:1  | Entered Level 1 of the Swamp
 32626 | Lair:2   | Learned a level 4 spell: Summon Lightning Spire
 32693 | Lair:2   | Reached skill level 1 in Summonings
 33305 | Lair:2   | Reached skill level 5 in Summonings
 33368 | Lair:2   | Paralysed by a hornet for 2 turns
 35402 | Swamp:2  | Reached XP level 17. HP: 88/139 MP: 3/23
 35645 | Swamp:3  | Found a transporter.
 35646 | Swamp:3  | Noticed Alokieb's ghost (adept MiFi)
 36341 | Swamp:3  | Noticed Mlioglotl
 36393 | Swamp:3  | Reached skill level 10 in Summonings
 40739 | Spider:3 | Noticed Nikola
 40751 | Spider:3 | Killed Nikola
 41886 | Orc:2    | Bought a book of Scorching for 390 gold pieces
 41896 | Orc:2    | Learned a level 6 spell: Summon Cactus Giant
 42154 | Spider:4 | Entered Level 4 of the Spider Nest
 42696 | Swamp:3  | Reached skill level 5 in Spellcasting
 42961 | Swamp:3  | Found a transporter.
 42962 | Swamp:3  | Noticed a tentacled monstrosity
 43033 | Swamp:4  | Entered Level 4 of the Swamp
 44023 | Swamp:4  | Identified the +8 scale mail "Zagud" {rElec Will+ Stlth+}
 44367 | Swamp:4  | Reached XP level 18. HP: 146/146 MP: 27/27
 44376 | Swamp:4  | Noticed Bai Suzhen
 45095 | Swamp:3  | Killed Mlioglotl
 46098 | Swamp:4  | Got the Grimoire of the Ten Visions
 46641 | Swamp:4  | Got a decaying rune of Zot
 47182 | D:12     | Killed Nergalle
 47413 | Lair:3   | Killed Izit's ghost
 47429 | Lair:3   | Identified the +4 ring mail of the Swamp {rC+ Int+4}
 47824 | D:15     | Found a staircase to the Depths.
 47915 | D:15     | Found a stormy altar of Qazlal.
 47933 | D:15     | Noticed Josephine
 48292 | Depths:1 | Entered Level 1 of the Depths
 48296 | Depths:1 | Found Netic's Demolitions Depot.
 48303 | Depths:1 | Bought a book of Power for 714 gold pieces
 48322 | Depths:2 | Reached skill level 15 in Summonings
 49017 | Depths:1 | Found a gateway to Hell.
 49040 | Depths:1 | Identified the +5 kite shield of the Shining Light {Dex+8}
 49373 | Depths:1 | Found a one-way gateway to a ziggurat.
 49390 | Depths:1 | Noticed Aizul
 49501 | Depths:1 | Killed Aizul
 49989 | Depths:1 | Found a hide-covered altar of Uskayaw.
 50743 | Depths:2 | Reached XP level 19. HP: 152/152 MP: 20/28
 51121 | Depths:2 | Found Vir Xargh's Antique Weapon Emporium.
 51505 | Depths:2 | Reached skill level 10 in Shields
 52188 | Depths:2 | Found a one-way gate to the infinite horrors of the Abyss.
 52263 | Depths:2 | Found a one-way gate leading to the halls of Pandemonium.
 52532 | Depths:2 | Found Pitish's General Store.
 52535 | Depths:2 | Bought a potion of heal wounds for 85 gold pieces
 53975 | Depths:3 | Found a runed translucent door.
 54028 | Depths:3 | Found a runed translucent door.
 54283 | Depths:3 | Found Cyim's Distillery.
 55120 | Depths:3 | Reached XP level 20. HP: 110/146 MP: 16/29
 55523 | Depths:4 | Entered Level 4 of the Depths
 56899 | Depths:4 | Found a sparkling altar of Nemelex Xobeh.
 56943 | Depths:4 | Learned a level 7 spell: Summon Hydra
 57032 | Depths:4 | Noticed a golden dragon
 57059 | Depths:4 | Killed a golden dragon
 57060 | Depths:4 | Reached skill level 1 in Conjurations
 58299 | Depths:3 | Identified the +9 quarterstaff of Responsibility {drain,
                  | rF+ Int+2 Dex+2 Stlth+}
 58429 | Depths:4 | Identified the +4 arbalest of Charmed Tortfeasance {penet,
                  | rElec rC+ Dex+3}
 58542 | Depths:4 | Found a gate to the Realm of Zot.
 58803 | Hell     | Entered the Vestibule of Hell
 58803 | Hell     | Noticed Geryon
 59028 | Elf:1    | Entered Level 1 of the Elven Halls
 59028 | Elf:1    | Found a runed translucent gate.
 59028 | Elf:1    | Found a runed translucent gate.
 59028 | Elf:1    | Found a runed translucent gate.
 59028 | Elf:1    | Found a runed translucent gate.
 59028 | Elf:1    | Found a runed translucent gate.
 59028 | Elf:1    | Found a runed translucent gate.
 59028 | Elf:1    | Found a runed translucent door.
 59028 | Elf:1    | Found a runed translucent door.
 59041 | Elf:1    | Reached skill level 5 in Conjurations
 59153 | Elf:1    | Paralysed by an air elemental for 1 turns
 60094 | Elf:1    | Found a runed translucent gate.
 60094 | Elf:1    | Found a runed translucent gate.
 60094 | Elf:1    | Found a runed translucent gate.
 60094 | Elf:1    | Found a runed translucent gate.
 60094 | Elf:1    | Found a runed translucent gate.
 60094 | Elf:1    | Found a runed translucent gate.
 60387 | Depths:1 | Bought a manual of Conjurations for 1360 gold pieces
 61108 | Elf:2    | Reached XP level 21. HP: 165/165 MP: 22/30
 61142 | Elf:2    | Found Ecsaudo's Assorted Antiques.
 61191 | Elf:2    | Reached skill level 10 in Conjurations
 61342 | Elf:2    | Paralysed by an air elemental for 1 turns
 61651 | Elf:2    | Identified the +0 ring mail of the Armadillo {Str+4}
 61731 | Elf:2    | Found a huge runed translucent gate.
 61732 | Elf:2    | Found a huge runed translucent gate.
 61736 | Elf:2    | Found a huge runed translucent gate.
 61736 | Elf:2    | Found a huge runed translucent gate.
 61737 | Elf:2    | Found a huge runed translucent gate.
 62964 | Elf:3    | Entered Level 3 of the Elven Halls
 62967 | Elf:3    | Identified a scroll of acquirement
 62972 | Elf:3    | Paralysed by an air elemental for 1 turns
 63065 | Elf:3    | Acquired 991 gold pieces
 63121 | Elf:3    | Paralysed by an air elemental for 1 turns
 63125 | Elf:3    | Paralysed by an air elemental for 1 turns
 63290 | Elf:3    | Learned a level 7 spell: Spellforged Servitor
 63577 | Elf:3    | Reached skill level 15 in Conjurations
 64150 | Elf:3    | Identified the ring of Utan {rPois Str+3 Int+3}
 64336 | Elf:3    | Learned a level 7 spell: Orb of Destruction
 64688 | Elf:3    | Identified the +7 quarterstaff "Beastslayer" {vorpal, rC++
                  | Int+2}
 64869 | Elf:3    | Identified the amulet of Ru's Righteous Fury {Faith rElec
                  | Slay+3}
 65313 | Elf:3    | Identified the +0 ring mail of the Moon {Str+3}
 65325 | Elf:3    | Identified the +4 war axe of Gozag's Wrath {vamp, rPois rN+
                  | Stlth+}
 65330 | Elf:3    | Identified the +4 scimitar of the Jester {vorpal, Fragile
                  | rF- Int+3 Dex+8}
 66171 | Elf:3    | Identified the +10 fustibalus of Vanity {vorpal, rPois rC-
                  | Int+7 SInv}
 66174 | Elf:3    | Got the Papyrus of Moulding and the Rocks
 66756 | Vaults:1 | Entered Level 1 of the Vaults
 67635 | Vaults:1 | Reached XP level 22. HP: 145/172 MP: 24/34
 69374 | Spider:3 | Reached skill level 1 in Armour
 70538 | Spider:3 | Gained mutation: You are occasionally teleported next to
                  | monsters. [mutagenic glow]
 70546 | Spider:3 | Gained mutation: Your body sometimes deteriorates upon
                  | taking damage. [mutagenic glow]
 70665 | Spider:3 | Lost mutation: Your body sometimes deteriorates upon taking
                  | damage. [potion of mutation]
 70665 | Spider:3 | Lost mutation: You are occasionally teleported next to
                  | monsters. [potion of mutation]
 70665 | Spider:3 | Gained mutation: You are robust. (+10% HP) [potion of
                  | mutation]
 71083 | Spider:4 | Identified the +1 leather armour "Muemunt" {rN+ Int+8 Dex-5
                  | Stlth+}
 71142 | Spider:4 | Reached skill level 5 in Armour
 71168 | Spider:4 | Noticed Louise
 71211 | Spider:4 | Killed Louise
 71625 | Spider:4 | Got a gossamer rune of Zot
 71638 | Spider:4 | Identified the +0 hat of Least Resistance {rC- Int+5}
 72176 | Vaults:2 | Identified the +1 robe "Revekim" {Int+4}
 72222 | Vaults:2 | You fall into a shaft and drop 2 floors!
 72906 | Vaults:3 | Reached skill level 15 in Fighting
 73164 | Vaults:2 | Found Istrecuj's Magic Scroll Shop.
 73198 | Vaults:2 | Reached skill level 15 in Dodging
 73964 | Vaults:2 | Reached XP level 23. HP: 200/200 MP: 31/35
 74600 | Vaults:3 | Found a portal to a secret trove of treasure.
 75487 | Vaults:3 | Found a staircase to the Crypt.
 76905 | Vaults:3 | You paid a toll of +4 ice dragon scales to enter a treasure
                  | trove
 76906 | Trove    | Entered a treasure trove
 76969 | Trove    | Identified the +7 fustibalus of Wabyolio {freeze, Will+
                  | MP+9 Int+2}
 77005 | Trove    | Identified the amulet of Edghurif {Acrobat rElec}
 77014 | Trove    | Identified the amulet of Uthaoc {Reflect rF+ rN+ Int-2
                  | SH+5}
 78046 | Vaults:4 | Identified a ring "Eloco" {*Corrode Fly rPois Str+7 Dex+3}
 78909 | Crypt:1  | Entered Level 1 of the Crypt
 79902 | Crypt:1  | Noticed Donald
 79910 | Crypt:1  | Killed Donald
 80429 | Crypt:2  | Noticed Margery
 80435 | Crypt:2  | Killed Margery
 80962 | Depths:2 | Bought a shimmering falchion for 336 gold pieces
 80962 | Depths:2 | Identified the +3 falchion of Compulsion {vorpal, rN+} (You
                  | bought it in a shop on level 2 of the Depths)
 81507 | Crypt:2  | Reached XP level 24. HP: 212/212 MP: 26/35
 81690 | Crypt:2  | Reached skill level 10 in Air Magic
 82169 | Crypt:3  | Entered Level 3 of the Crypt
 82734 | Crypt:3  | Got the Tome of Sinister Rituals
 82736 | Crypt:3  | Got the Papyrus of Creation
 82750 | Crypt:3  | Learned a level 5 spell: Summon Mana Viper
 83450 | Crypt:3  | Found an ancient bone altar of Kikubaaqudgha.
 83506 | Crypt:3  | Noticed an ancient lich
 85080 | Lair:6   | Entered Level 6 of the Lair of Beasts
 85137 | Lair:6   | Found a staircase to the Slime Pits.
 85275 | Lair:6   | Noticed Nessos
 85285 | Lair:6   | Killed Nessos
 85936 | Lair:6   | Identified the +8 chain mail "Umiqu" {Slay+3}
 86761 | Swamp:3  | Killed Bai Suzhen
 86856 | Swamp:4  | Acquired 838 gold pieces
 87176 | Slime:1  | Entered Level 1 of the Pits of Slime
 87669 | Vaults:5 | Entered Level 5 of the Vaults
 88662 | Vaults:5 | Reached XP level 25. HP: 213/223 MP: 8/35
 88859 | Vaults:5 | Identified the ring of Fupleano {Wiz rN++ Int+3}
 89363 | Vaults:5 | Got a silver rune of Zot
 89809 | Vaults:5 | Reached skill level 1 in Hexes
 90117 | Vaults:5 | Got the Grimoire of the Cloudy Mountains
 90596 | Vaults:5 | Noticed an ancient lich
 91226 | Vaults:5 | Reached skill level 10 in Armour
 92426 | Zot:1    | Entered Level 1 of the Realm of Zot
 92740 | Orc:2    | Bought 2 potions of berserk rage for 120 gold pieces
 92740 | Orc:2    | Bought a potion of curing for 36 gold pieces
 92740 | Orc:2    | Bought 2 potions of might for 96 gold pieces
 92740 | Orc:2    | Bought a potion of curing for 36 gold pieces
 94870 | Zot:1    | Reached skill level 5 in Hexes
 95567 | Zot:1    | Learned a level 5 spell: Metabolic Englaciation
 95987 | Zot:1    | Identified the ring of Wimyedgh {Drain rElec rC+ Str+4
                  | Int+4 Slay+4}
 96225 | Zot:1    | Reached skill level 15 in Shields
 96407 | Zot:2    | Noticed a dread lich
 96740 | Zot:2    | Reached XP level 26. HP: 193/236 MP: 12/36
 98546 | Orc:2    | Bought an Inescapable Atlas for 442 gold pieces
 98549 | Orc:2    | Learned a level 2 spell: Blink
 98879 | Zot:1    | Killed a dread lich
 99884 | Zot:2    | Identified the +0 plate armour of Fortification {Will+
                  | Str+5}
100660 | Zot:2    | Reached skill level 10 in Spellcasting
101178 | Zot:3    | Identified the +5 demon blade of Ravage {drain, rF+ rN+
                  | MP+9 Str+4}
101897 | Zot:3    | Identified the +5 falchion "Frog's Peril" {vorpal, Dex+5}
103886 | Zot:4    | Learned a level 8 spell: Summon Horrible Things
104551 | Zot:4    | Reached XP level 27. HP: 240/244 MP: 30/40
104599 | Zot:4    | Identified the +1 robe "Iloon" {SInv}
106445 | Zot:5    | Entered Level 5 of the Realm of Zot
107067 | Zot:5    | Noticed Iruirgha's ghost (veteran OpFi)
107067 | Zot:5    | Found a runed translucent door.
107188 | Zot:5    | Noticed an orb of fire
107211 | Zot:5    | Noticed an orb of fire
107238 | Zot:5    | Gained mutation: Armour fits poorly on your strangely
                  | shaped body. [an orb of fire]
107606 | Zot:5    | Noticed an orb of fire
107611 | Zot:5    | Killed an orb of fire
108028 | Zot:5    | Killed an orb of fire
108406 | Zot:5    | Noticed an ancient lich
108412 | Zot:5    | Noticed an orb of fire
108654 | Zot:5    | Gained mutation: You are dopey. (Int -2) [an orb of fire]
108966 | Zot:5    | Killed an orb of fire
109427 | Zot:5    | Killed an ancient lich
109546 | Zot:5    | Killed an orb of fire
110498 | Zot:5    | Noticed an ancient lich
110521 | Zot:5    | Killed an ancient lich
111296 | Zot:5    | Got the Orb of Zot
111413 | Zot:2    | Noticed Ceith the pandemonium lord
111430 | Zot:2    | Noticed Uphun the pandemonium lord
111466 | Zot:1    | Noticed Odighu Qela the pandemonium lord
111920 | D:$      | Escaped with the Orb!

Illustrated notes

Levels and vault maps discovered:
D:1:      kilobyte_arrival_exit_the_forest, layout_basic, serial_curves,
          eino_curves_03, eino_curves_03, eino_curves_02,
          nicolae_concentric_dashed_squares_mild,
          chequers_serial_rivers_small_b, minmay_misc_feat_x,
          corexii_hall_statues_i, minmay_misc_feat_doors, nicolae_grassy_gnolls
D:2:      layout_rooms, hellmonk_ecumenical_altar_defaced_shrine
D:3:      minmay_chambers_of_threes, layout_loops_ring, doesnt_xom_only_xom
D:4:      layout_cave_pools, lemuel_zombie_altar_yredelemnul,
          general_overflow_altar, mainiacjoe_overflow_paths, zin_academy
D:5:      layout_basic, temple_statues
D:6:      layout_rooms, overflow_temple_1_default, grunt_temple_overflow_open,
          nicolae_benzene_ring, chequers_serial_rivers_large_b,
          nicolae_shop_overcharged_wands
D:7:      layout_loops_corners, mainiacjoe_overflow_boulevard,
          minmay_increasing_density, uniq_menkaure, uniq_prince_ribbit1
D:8:      layout_basic, mainiacjoe_overflow_brackets, serial_corexii_hall,
          corexii_hall_statues_deadend, chequers_hall_statues_corner_a,
          chequers_hall_statues_wall_a, chequers_hall_statues_corner_a,
          corexii_hall_statues_l, corexii_hall_statues_i
D:9:      layout_rooms, tgw_sif, makhleb_altar_promises_db, minmay_orc_keep
D:10:     layout_basic, cheibriados_altar_1, due_lair_maze_entry_diamond,
          enter_bailey_2
D:11:     layout_loops_corners, erik_orc_2, guppyfry_shop_venom
D:12:     layout_stronghold, serial_column_ruins, column_ruins_columns_straight,
          column_ruins_grid_3, column_ruins_grid_4,
          column_ruins_corridor_straight, column_ruins_grid_1,
          column_ruins_corridor_straight, column_ruins_grid_4, uniq_nergalle
D:13:     layout_loops_corners
D:14:     dreamdust_black_sun_cult, layout_cave_pods,
          grunt_vaults_entry_fortified, nicolae_looking_at_the_future
D:15:     hangedman_depths_entry_civil_slaughter, layout_long_grid,
          nicolae_qazlal_general_emergency, patterned_corridor, uniq_josephine
Temple:   jpeg_temple_island
Lair:1:   layout_cave_pods, chequers_serial_rivers_room_b
Lair:2:   layout_big_grid, palyth_hydra_swamp_entry,
          chequers_serial_rivers_micro_b
Lair:3:   layout_roguey, special_room, gammafunk_ghost_ooze,
          kennysheep_abandoned_house
Lair:4:   layout_cave_pods, spider_nest_entry_funnel_web,
          portal_ice_cave_entry_imps
Lair:5:   layout_gridlike
Lair:6:   hangedman_lair_caniforms_friends, layout_long_grid,
          hangedman_lair_in_review, nicolae_slime_entry_slimehenge,
          gauntlet_entry_generic, uniq_nessos
Swamp:1:  layout_falls_marsh, evilmike_swamp_ruin_house_6, swamp_pool5,
          nicolae_swamp_snake_nest
Swamp:2:  layout_falls_marsh, infiniplex_staircase_pool_2,
          hangedman_swamp_blocks
Swamp:3:  layout_basic_swamp, gammafunk_ghost_arena, hangedman_swamp_ruin_hall,
          swamp_pool1, nicolae_swamp_tree_designs, infiniplex_staircase_pool,
          uniq_mlioglotl
Swamp:4:  swamp_vile, layout_basic_swamp, uniq_bai_suzhen
Spider:1: layout_spider_delve
Spider:2: layout_spider_delve, special_room
Spider:3: layout_spider_delve, nicolae_spider_orb_run, uniq_nikola
Spider:4: hellmonk_spider_rune_bug_friends, uniq_louise
Slime:1:  layout_caves, nicolae_slime_barrier
Orc:1:    layout_caves, special_room [special_room_orc]
Orc:2:    st_orc_pillars, layout_caves
Elf:1:    nicolae_elf_arrival_dilemma, layout_loops_cross, orc_legates
Elf:2:    elven_hall_of_blades_hangedman_alternative [nicolae_blade_tridents],
          layout_gridlike, serial_shops, nicolae_shop_waterfront,
          lemuel_flamethrower_hall
Elf:3:    elf_hall, layout_geoelf_diagonals, grunt_ministairs_6, minivault_11,
          einodemon_barbed_minivault
Vaults:1: nicolae_vaults_disjoint_gnomons, grunt_vaults_hallway_long,
          vaults_room_boxed, v_misc_11, ontoclasm_vaults_misaligned,
          ontoclasm_vaults_chip, nicolae_vaults_ninety_degrees, v_alt_pattern_6,
          dpeg_vaults_waves, ontoclasm_vaults_shuriken,
          nicolae_vaults_little_squares_6, layout_vaults_ring
Vaults:2: vaults_dpeg_encased_lava, ontoclasm_vaults_eye,
          nicolae_vaults_mini_display_case, nicolae_vaults_yaktaur_gun_rack,
          ontoclasm_vaults_spin, grunt_vaults_hallway_short,
          layout_vaults_quadrants, serial_glass, serial_shops, shop
Vaults:3: nicolae_vaults_gold_heap, nicolae_vaults_network_quincunx
          [nicolae_vaults_network_quincunx_subvault,
          nicolae_vaults_network_quincunx_subvault,
          nicolae_vaults_network_quincunx_subvault,
          nicolae_vaults_network_quincunx_subvault,
          nicolae_vaults_network_quincunx_subvault], ontoclasm_vaults_bender,
          nicolae_vaults_twisting_passages, v_misc_8, hangedman_vaults_capsules,
          v_pattern_4, minmay_crypt_entry_simple_corners,
          ontoclasm_vaults_decontamination, nicolae_vaults_theta,
          vaults_mumra_hexcomb, st_lattice, vaults_room_hallway,
          layout_vaults_chaotic_city, enter_trove_0
Vaults:4: vaults_dpeg_diagonal, v_misc_22, nicolae_vaults_statue_guard,
          v_misc_26, nicolae_vaults_puzzle_piece, v_misc_2,
          ontoclasm_vaults_tryst, nicolae_vaults_network_square, v_misc_18,
          v_alt_pattern_3, v_alt_pattern_3, nicolae_vaults_network_barrier,
          v_misc_23, ontoclasm_vaults_claustrophobia, vaults_dpeg_hooks,
          layout_vaults_omnibox
Vaults:5
Crypt:1:  layout_gridlike, serial_corexii_hall, corexii_hall_statues_l,
          chequers_hall_statues_corner_a, minivault_14, lemuel_freeze_loot_1,
          uniq_donald
Crypt:2:  layout_misc_corridors, grunt_megastairs_4, uniq_margery
Crypt:3:  quadcrypt_mu
Depths:1: layout_honeycomb, enter_ziggurat_f, nicolae_uskayaw_suspiria,
          grunt_mini_vestibule, chequers_serial_rivers_room_b,
          nicolae_blasting_shop, kennysheep_four_rooms, serial_bayou_shore_a,
          uniq_aizul
Depths:2: minmay_connected_boxes_in_corner, layout_gridlike, hell_entry,
          serial_shops, shop, kennysheep_mini_moat, abyss_entry, pan_entry,
          nicolae_elevator_lobby_plus, glass_columns_b
Depths:3: cheibrodos_witchhunters_guild, layout_gridlike,
          abyss_entry_small_statue_room, nrook_mini_backslash, hell_entry,
          serial_shops, nicolae_stop_n_shop_2, infiniplex_staircase_zigzag_2,
          firewood_loft
Depths:4: grunt_bruiser_brothers, layout_gridville, grunt_pan_entry_in_and_out,
          abyss_entry, nemelex_xobeh_ov_fountains_minmay,
          grunt_hell_entry_dis_mu
Hell
Zot:1:    nicolae_zot_stationary_front, layout_onion_interference
Zot:2:    hangedman_zot_vaults_quadrants, layout_concentric_octagons,
          grunt_ministairs_11
Zot:3:    kennysheep_blocky_hall, layout_twisted_circle
Zot:4:    minmay_elemental_castle, layout_twisted_circle,
          lemuel_baited_zot_trap, st_stairs_9, zot_minivault_3
Zot:5:    layout_basic, ebering_ghost_inner_flame

Skill      XL: |  1  2  3  4  5  6  7  8  9 10 11 12 13 14 15 16 17 18 19 20 21 22 23 24 25 26 27 |
---------------+----------------------------------------------------------------------------------+-----
Ice Magic      | 5 6 7 8 9 10 11 12 13 | 13.0
Spellcasting   | 3 4 6 8 9 13 14 | 14.0
Fighting       | 4 6 10 12 13 14 15 16 17 19 24 | 24.3
Stealth        | 4 |  4.0
Translocations | 4 |  4.0
Long Blades    | 5 9 12 13 | 13.9
Slings         | 5 11 14 16 17 18 | 18.0
Dodging        | 6 11 12 14 15 16 17 18 | 18.0
Shields        | 6 8 9 10 11 12 13 14 15 | 15.0
Air Magic      | 2 6 8 9 11 | 11.2
Poison Magic   | 2 4 |  4.0
Summonings     | 9 13 16 19 21 22 23 24 | 24.0
Conjurations   | 9 17 18 19 20 21 | 21.0
Armour         | 8 12 13 14 | 14.0
Hexes          | 5 8 |  8.0
Short Blades   | |  0.1

Action                   |  1- 3 |  4- 6 |  7- 9 | 10-12 | 13-15 | 16-18 | 19-21 | 22-24 | 25-27 || total
-------------------------+-------+-------+-------+-------+-------+-------+-------+-------+-------++-------
Melee: Unarmed           |    11 |       |       |       |       |       |       |       |       ||    11
       Club              |    10 |   107 |    41 |       |       |       |       |       |       ||   158
       Punch             |       |     1 |     5 |     2 |     7 |       |       |       |       ||    15
       Whip              |       |       |   144 |       |       |       |       |       |       ||   144
       Scimitar          |       |       |    33 |   201 |   392 |   474 |   212 |    11 |     5 ||  1328
       Falchion          |       |       |    10 |       |       |    15 |   124 |     7 |     9 ||   165
 Fire: Shortbow          |       |       |    90 |   195 |       |       |       |       |       ||   285
       Hunting sling     |       |       |       |   225 |  1502 |  1071 |    11 |       |       ||  2809
       Fustibalus        |       |       |       |       |       |   309 |  1065 |  2042 |  1323 ||  4739
Throw: Stone             |     7 |    12 |    29 |       |       |       |       |       |       ||    48
 Cast: Freeze            |    45 |    50 |    20 |     9 |    18 |       |       |       |       ||   142
       Frozen Ramparts   |     2 |    22 |    31 |    60 |   101 |    30 |    35 |    23 |    10 ||   314
       Ozocubu's Armour  |       |    10 |    43 |    74 |   165 |   226 |   210 |   184 |    69 ||   981
       Poisonous Vapours |       |       |       |       |     4 |   171 |     6 |   102 |       ||   283
       Apportation       |       |       |       |       |     1 |    24 |     1 |    11 |     8 ||    45
       Summon Lightning  |       |       |       |       |       |   108 |   160 |   142 |    79 ||   489
       Summon Cactus Gia |       |       |       |       |       |    14 |    57 |     9 |     5 ||    85
       Summon Hydra      |       |       |       |       |       |       |     8 |       |       ||     8
       Spellforged Servi |       |       |       |       |       |       |    15 |    47 |   167 ||   229
       Orb of Destructio |       |       |       |       |       |       |       |     2 |    66 ||    68
       Metabolic Englaci |       |       |       |       |       |       |       |       |    22 ||    22
       Summon Mana Viper |       |       |       |       |       |       |       |       |     3 ||     3
       Blink             |       |       |       |       |       |       |       |       |     3 ||     3
       Summon Horrible T |       |       |       |       |       |       |       |       |    16 ||    16
 Abil: Hop               |     2 |     2 |     2 |     6 |    20 |    41 |    23 |    26 |    29 ||   151
Evoke: Wand              |       |       |     2 |       |     3 |     4 |       |       |     3 ||    12
  Use: Scroll            |       |     4 |     1 |     9 |    14 |    20 |     5 |    14 |    26 ||    93
       Potion            |       |     1 |       |     4 |     3 |     8 |     3 |     9 |    27 ||    55
 Stab: Distracted        |       |       |       |       |       |    12 |    15 |       |     1 ||    28
       Sleeping          |       |       |       |       |       |     1 |     2 |     1 |       ||     4
Armor: Robe              |    17 |    47 |    87 |     4 |    74 |   246 |    53 |       |       ||   528
       Skin              |       |    30 |       |    34 |       |       |       |       |       ||    64
       Acid dragon scale |       |       |       |     3 |       |       |       |       |       ||     3
       Troll leather arm |       |       |       |   100 |   138 |       |       |       |       ||   238
       Ring mail         |       |       |       |       |       |       |     6 |   259 |   108 ||   373
Dodge: Dodged            |    31 |    89 |   232 |   197 |   340 |   684 |   260 |   621 |   324 ||  2778
Block: Other             |       |       |       |       |    61 |       |       |       |       ||    61
       Reflection        |       |       |       |       |    12 |    11 |    60 |    71 |    22 ||   176
       Buckler           |       |       |       |       |    93 |   644 |       |       |       ||   737
       Kite shield       |       |       |       |       |       |    49 |   497 |  1379 |   614 ||  2539

Table legend: (Time is in decaauts)
 A = Elapsed time spent in this place.
 B = Non-inter-level travel time spent in this place.
 C = Inter-level travel time spent in this place.
 D = Time resting spent in this place.
 E = Time spent auto-exploring this place.
 F = Levels seen in this place.
 G = Mean time per level.
                   A        B        C        D        E       F      G
               +--------+--------+--------+--------+--------+-----+--------+
         Total | 122169 | 105697 |  16472 |  31607 |  31068 |  57 | 2143.3 |
       Dungeon |  28028 |  22562 |   5466 |   4825 |  11609 |  15 | 1868.5 |
        Temple |    606 |    587 |     19 |      0 |    569 |   1 |  606.0 |
          Lair |  11460 |   9141 |   2319 |   1561 |   3855 |   6 | 1910.0 |
         Swamp |   8075 |   7111 |    964 |   2271 |   1365 |   4 | 2018.8 |
   Spider Nest |  10680 |   9265 |   1415 |   4419 |   1192 |   4 | 2670.0 |
    Slime Pits |     69 |     69 |      0 |      0 |      0 |   1 |   69.0 |
  Orcish Mines |   3591 |   2546 |   1045 |    344 |    368 |   2 | 1795.5 |
   Elven Halls |   7525 |   7221 |    304 |   1925 |   1536 |   3 | 2508.3 |
        Vaults |  14268 |  12309 |   1959 |   2752 |   4406 |   5 | 2853.6 |
         Crypt |   5966 |   5571 |    395 |   1150 |   1441 |   3 | 1988.7 |
        Depths |  13706 |  11764 |   1942 |   4328 |   3357 |   4 | 3426.5 |
          Hell |      1 |      1 |      0 |      0 |      0 |   1 |    1.0 |
           Zot |  16778 |  16140 |    638 |   7658 |   1320 |   5 | 3355.6 |
         Trove |    152 |    152 |      0 |      0 |      0 |   1 |  152.0 |
        Bailey |    644 |    644 |      0 |    246 |     44 |   1 |  644.0 |
      Ice Cave |    614 |    614 |      0 |    123 |      0 |   1 |  614.0 |
               +--------+--------+--------+--------+--------+-----+--------+

Top non-repeatable levels by time:
Spider:3: 5456 daAuts
Depths:4: 4776 daAuts
   Zot:2: 4505 daAuts
Vaults:5: 4026 daAuts
   Zot:4: 3872 daAuts
   Zot:5: 3579 daAuts
   Elf:3: 3568 daAuts
    D:14: 3447 daAuts
Spider:1: 3308 daAuts
   Zot:1: 3207 daAuts
Depths:3: 3086 daAuts
Depths:1: 3018 daAuts
Vaults:3: 2935 daAuts
   Orc:2: 2880 daAuts
Depths:2: 2824 daAuts
